 Dungeon Crawl Stone Soup version 0.28-a0-1356-g2ad6d04315 (webtiles) character file.

Game seed: 12848703298347863705

2211 Gwenloh the Reanimator (level 9, -4/58 HPs)
             Began as a Mummy Necromancer on Dec 30, 2021.
             Slain by a wight (9 damage)
             ... on level 5 of the Dungeon.
             The game lasted 00:23:07 (8404 turns).

Gwenloh the Reanimator (Mummy Necromancer)          Turns: 8404, Time: 00:23:08

Health: -4/58      AC:  4    Str: 11    XL:     9   Next: 13%
Magic:  20/21      EV: 12    Int: 18    God:
Gold:   210        SH:  0    Dex: 13    Spells: 12/25 levels left

rFire   x . .      SeeInvis .   t - +0 lajatang
rCold   + . .      Faith    .   (shield currently unavailable)
rNeg    + + +      Spirit   .   o - +1 robe {Will+}
rPois   ∞          Reflect  .   (no helmet)
rElec   .          Harm     .   (no cloak)
rCorr   .          Rampage  .   p - +0 pair of gloves
Will    ++...                   (no boots)
Stlth   ++........              (no amulet)
HPRegen 0.19/turn               (no ring)
MPRegen 0.17/turn               (no ring)

@: no status effects
A: cold resistance 1, negative energy resistance 3, torment resistance 2, heat
vulnerability 1, no potions
a: no special abilities


You were on level 5 of the Dungeon.
You visited 1 branch of the dungeon, and saw 6 of its levels.

You collected 210 gold pieces.

Inventory:

Hand Weapons
 h - a +2 dagger of electrocution
 t - a +0 lajatang (weapon)
Missiles
 c - 21 poisoned darts
 l - 2 boomerangs (quivered)
Armour
 o - a +1 robe of willpower (worn)
 p - a +0 pair of gloves (worn)
Wands
 k - a wand of paralysis (18)
 q - a wand of polymorph (10)
Scrolls
 a - a scroll of identify
 b - 3 scrolls of teleportation
 f - a scroll of holy word {unknown}
 g - a scroll of torment {unknown}
 i - 2 scrolls of vulnerability {unknown}
 j - 2 scrolls of enchant armour
 m - 2 scrolls of amnesia
 n - a scroll of fear {unknown}
 r - a scroll of magic mapping {unknown}
 s - a scroll of fog {unknown}


   Skills:
 + Level 0.5 Fighting
 - Level 1.5 Dodging
 - Level 1.5 Stealth
 + Level 8.8 Spellcasting
 + Level 10.7 Necromancy


You had 12 spell levels left.
You knew the following spells:

 Your Spells              Type           Power      Damage    Failure   Level
a - Pain                  Necr           100%       1d9       1%          1
b - Vampiric Draining     Necr           46%        2d9       1%          3
c - Agony                 Necr           46%        N/A       3%          5
d - Animate Dead          Necr           23%        N/A       1%          4

Your spell library contained the following spells:

 Spells                   Type           Power      Damage    Failure   Level
 Animate Skeleton         Necr           92%        N/A       1%          1
 Passwall                 Tmut/Erth      5%         N/A       14%         2
 Swiftness                Air            7%         N/A       26%         3


Dungeon Overview and Level Annotations

Branches:
Dungeon (6/15)
 Temple: D:4-7

Altars:
Hepliaklqana
Ru
Wu Jian
The Shining One

Shops:
D:1 [   D:5 [

Annotations:
D:6 1 runed translucent door, Crazy Yiuf


Innate Abilities, Weirdness & Mutations

You are immune to poison.
Your flesh is cold resistant. (rC+)
You are immune to negative energy. (rN+++)
You are immune to unholy pain and torment.
You are vulnerable to heat. (rF-)
You do not drink.


Message History

The wight hits you with a +2 long sword.
Casting: Vampiric Draining (safe; 1% risk of failure)
Confirm with . or Enter, or press ? or * to list all spells.
There is nothing nearby to animate!
You hit the wight but do no damage.
The wight is lightly damaged.
The wight barely misses you.
You hit the wight.
The wight is lightly damaged.
The wight hits you with a +2 long sword.
The wight hits you with a +2 long sword!
You hit the wight.
The wight is lightly damaged.
The wight hits you with a +2 long sword.
You slash the wight!
The wight is severely damaged.
The wight hits you with a +2 long sword!
You hit the wight.
The wight is almost destroyed.
The wight misses you. The wight closely misses you.
You closely miss the wight.
The wight is almost destroyed.
The wight hits you with a +2 long sword.
* * * LOW HITPOINT WARNING * * *
You closely miss the wight.
The wight is almost destroyed.
The wight hits you with a +2 long sword!
* * * LOW HITPOINT WARNING * * *
The wight misses you.
You barely miss the wight.
The wight is almost destroyed.
The wight barely misses you.
You closely miss the wight.
The wight is almost destroyed.
The wight hits you with a +2 long sword!
* * * LOW HITPOINT WARNING * * *
You can't drink.
Okay, then.
The wight hits you with a +2 long sword!
You die...

#.# ##.###.#.######
#.######...##.#.###
####.................#
##.##.#.####...#..#.#.#
##.#.#.........##..#.#.#
##.###....#####.##..#.#.#
#.#.#.#.### #.##..#.#.#
#.##....#######.##......#
#.###.....z@....##.##...#
##...##.#.########.#....#
##.###.#.# #........#
#.##..#.# #.#.#....#
#.##.##.# #.#.###..#
#.##.##.# #.#.# #..#
#.##.##.# #.#.# #..#
#.##.##)######.#.# #..#
#.......>....#.#.###..#


You could see a wight.

Vanquished Creatures
  Pikel (D:4)
  A wyvern (D:6)
  A water moccasin (D:5)
  Edmund (D:5)
  A sky beast (D:6)
  2 black bears
  3 ogres
  A centaur (D:5)
  4 lemures
  Blork the orc (D:5)
  A phantom (D:4)
  A scorpion (D:5)
  A water moccasin skeleton (D:5)
  3 centaur zombies
  A bullfrog zombie (D:6)
  A centaur skeleton (D:5)
  6 iguanas
  An orc wizard (D:4)
  7 adders
  A shadow imp (D:6)
  A white imp (D:5)
  An ufetubus (D:6)
  An adder zombie (D:5)
  An adder skeleton (D:4)
  2 worms
  A dart slug (D:4)
  10 orcs
  6 endoplasms
  4 giant cockroaches
  7 hobgoblins
  4 quokkas
  6 ball pythons
  5 bats
  7 frilled lizards
  6 goblins
  7 kobolds
  5 rats (D:1)
113 creatures vanquished.

Vanquished Creatures (others)
  13 plants
13 creatures vanquished.

Grand Total: 126 creatures vanquished

Notes
Turn   | Place    | Note
-------+----------+-------------------------------------------
     0 | D:1      | Gwenloh the Mummy Necromancer began the quest for the Orb.
     0 | D:1      | Reached XP level 1. HP: 13/13 MP: 4/4
    73 | D:1      | Found a faded altar of an unknown god.
   186 | D:1      | Reached XP level 2. HP: 16/19 MP: 0/6
   481 | D:1      | Found Vopric's Antique Armour Shop.
  1239 | D:2      | Reached XP level 3. HP: 15/24 MP: 0/7
  1659 | D:2      | Reached skill level 5 in Necromancy
  2117 | D:3      | Learned a level 3 spell: Vampiric Draining
  2166 | D:3      | Reached XP level 4. HP: 30/30 MP: 5/9
  3289 | D:4      | Found an ornate altar of the Wu Jian Council.
  3341 | D:4      | Found a hazy altar of Hepliaklqana.
  3368 | D:4      | Learned a level 4 spell: Animate Dead
  3372 | D:4      | Found a sacrificial altar of Ru.
  3486 | D:4      | Reached XP level 5. HP: 35/35 MP: 8/11
  3706 | D:4      | Reached skill level 6 in Necromancy
  4214 | D:4      | Noticed a black bear
  4221 | D:4      | Killed a black bear
  4222 | D:4      | Reached skill level 5 in Spellcasting
  4222 | D:4      | Reached XP level 6. HP: 41/41 MP: 2/13
  4228 | D:4      | Learned a level 5 spell: Agony
  4482 | D:5      | Entered Level 5 of the Dungeon
  4730 | D:5      | Found Dyibi's Antique Armour Emporium.
  4775 | D:4      | Reached skill level 7 in Necromancy
  5136 | D:5      | Noticed Blork the orc
  5146 | D:5      | Killed Blork the orc
  5147 | D:5      | Reached XP level 7. HP: 37/46 MP: 1/15
  5598 | D:5      | Noticed Pikel
  6269 | D:4      | Killed Pikel
  6270 | D:4      | Reached skill level 8 in Necromancy
  6270 | D:4      | Reached XP level 8. HP: 52/52 MP: 7/18
  6403 | D:5      | Reached skill level 9 in Necromancy
  6484 | D:5      | Noticed Edmund
  6494 | D:5      | Killed Edmund
  7397 | D:6      | Reached skill level 10 in Necromancy
  7918 | D:6      | Reached XP level 9. HP: 57/57 MP: 14/21
  8171 | D:6      | Found a runed translucent door.
  8172 | D:6      | Noticed Crazy Yiuf
  8390 | D:5      | HP: 2/58 [wight (7)]
  8404 | D:5      | Slain by a wight

Illustrated notes

Levels and vault maps discovered:
D:1:      lemuel_arrival_lava_pool, layout_basic, serial_shops, shop,
          basic_ecumenical_altar
D:2:      layout_rooms
D:3:      layout_loops_ring, tso_oasis_becter
D:4:      black_bear_nest_1, layout_basic, mainiacjoe_overflow_catwalk_spiral,
          nicolae_wu_jian_immortal_techniques
D:5:      layout_loops_ring, serial_shops, shop, uniq_edmund, uniq_pikel,
          uniq_blork_the_orc
D:6:      layout_cave_pools, nicolae_elyvilon_temple_path,
          nicolae_overflow_hidden_temple, uniq_crazy_yiuf_cottage

Skill      XL: |  1  2  3  4  5  6  7  8 |
---------------+-------------------------+-----
Spellcasting   | 3 4 5 7 8 |  8.8
Necromancy     | 5 6 7 8 10 | 10.7
Fighting       | |  0.5
Dodging        | |  1.5
Stealth        | |  1.5

Action                   |  1- 3 |  4- 6 |  7- 9 || total
-------------------------+-------+-------+-------++-------
Melee: Unarmed           |    13 |       |       ||    13
       Dagger            |       |    44 |    58 ||   102
       Lajatang          |       |       |    18 ||    18
Throw: Dart              |    12 |    25 |    15 ||    52
       Boomerang         |       |     1 |    27 ||    28
 Cast: Pain              |    85 |    55 |    35 ||   175
       Vampiric Draining |     1 |    16 |    25 ||    42
       Animate Dead      |       |     1 |       ||     1
       Agony             |       |       |     4 ||     4
Evoke: Wand              |       |       |     1 ||     1
  Use: Scroll            |       |       |     4 ||     4
 Stab: Paralysed         |       |       |     4 ||     4
       Sleeping          |       |       |     1 ||     1
Armor: Robe              |     3 |     9 |    14 ||    26
Dodge: Dodged            |    25 |    44 |    84 ||   153

Table legend: (Time is in decaauts)
 A = Elapsed time spent in this place.
 B = Non-inter-level travel time spent in this place.
 C = Inter-level travel time spent in this place.
 D = Time resting spent in this place.
 E = Time spent auto-exploring this place.
 F = Levels seen in this place.
 G = Mean time per level.
                   A        B        C        D        E       F      G
               +--------+--------+--------+--------+--------+-----+--------+
         Total |   8429 |   8228 |    201 |   1680 |   5172 |   6 | 1404.8 |
       Dungeon |   8429 |   8228 |    201 |   1680 |   5172 |   6 | 1404.8 |
               +--------+--------+--------+--------+--------+-----+--------+

Top non-repeatable levels by time:
     D:5: 2327 daAuts
     D:3: 1613 daAuts
     D:4: 1534 daAuts
     D:1: 1087 daAuts
     D:2: 974 daAuts
     D:6: 893 daAuts
